AoeStats
← AndiBoy

Oasis

508759106Analyzed
4v4 RM · 7d ago on Sep 23, 2026· 39m 56s· 8 players
Game mode
Random Map
Map size
Large (8 player)
Population
200
Speed
Normal
Resources
Standard
Victory
Conquest
Starting age
Dark Age
Ending age
Imperial Age
RankedLock teamsTeams togetherTeam positionsShared explorationLock speedFull tech treeHidden civsTurbo modeCheats
Victory
Defeat
🇦🇷 Mapuche · Argentina
1053
+13
🇦🇷 Malay · Argentina
1036
+14
🇦🇷 Romans · Argentina
1015
+15
🇦🇷 Varangians · Argentina
1004
+15
🇨🇴 Ethiopians · Colombia
1100
-18
🇨🇴 Saxons · Colombia
997
-15
🇨🇴 Maya · Colombia
980
-14
🇨🇴 Persians · Colombia
890
-10
JoseAli
0:27 Loom
10:24 Feudal Age
16:56 Castle Age
14:44 Double-Bit Axe
16:41 Fletching
18:06 Crossbowman
22:07 Padded Archer Armor
23:54 Leather Archer Armor
28:32 Wheelbarrow
divineslain
13:19 Feudal Age
15:21 Double-Bit Axe
17:53 Castle Age
16:54 Horse Collar
19:08 Heavy Plow
19:22 Bow Saw
23:00 Man-at-Arms
25:31 Long Swordsman
38:02 Imperial Age
Cardenalion
6:53 Loom
10:47 Feudal Age
18:09 Castle Age
17:57 Double-Bit Axe
18:30 Crossbowman
19:02 Fletching
22:35 Bodkin Arrow
22:41 Padded Archer Armor
32:18 Thumb Ring
33:08 Thumb Ring
38:26 Leather Archer Armor
38:36 Bow Saw
Alkimista666
10:49 Feudal Age
9:09 Loom
16:32 Castle Age
17:21 Wheelbarrow
16:34 Town Watch
16:33 Horse Collar
16:40 Double-Bit Axe
24:59 Forging
32:58 Imperial Age
33:01 Scale Mail Armor
33:07 Scale Barding Armor
33:37 Iron Casting
36:10 Hand Cart
AndiBoy
4:54 Loom
5:42 Loom
11:51 Feudal Age
13:32 Double-Bit Axe
16:00 Castle Age
16:47 Husbandry
19:58 Bloodlines
21:08 Horse Collar
23:55 Scale Barding Armor
35:32 Imperial Age
33:25 Gold Mining
34:06 Bow Saw
36:31 Chain Barding Armor
36:22 Forging
Black_Mamba_24
5:14 Loom
11:14 Feudal Age
12:58 Double-Bit Axe
15:32 Castle Age
13:46 Horse Collar
13:58 Gold Mining
18:06 Ballistics
23:35 Husbandry
26:55 Ballistas
27:27 Bow Saw
27:55 Gold Shaft Mining
30:04 Heavy Plow
30:41 Wheelbarrow
34:22 Town Watch
35:30 Fervor
35:39 Squires
38:31 Imperial Age
37:40 Pikeman
39:13 Forging
39:06 Stone Mining
Mandalorian
8:10 Loom
11:36 Feudal Age
11:45 Double-Bit Axe
18:28 Castle Age
17:07 Horse Collar
18:02 Padded Archer Armor
19:35 Fletching
20:38 Elite Skirmisher
27:01 Forging
26:42 Arson
26:58 Squires
35:08 Imperial Age
33:16 Wheelbarrow
35:22 Conscription
35:18 Bow Saw
37:26 Iron Casting
37:32 Elite Karambit Warrior
37:43 Man-at-Arms
38:28 Long Swordsman
39:33 Gold Mining
nicolitos
0:27 Loom
9:16 Loom
11:04 Feudal Age
14:26 Double-Bit Axe
15:32 Horse Collar
21:52 Castle Age
20:25 Padded Archer Armor
20:15 Fletching
20:32 Scale Mail Armor
21:15 Champi Runner
21:59 Arson
22:52 Forging
22:57 Chain Mail Armor
25:22 Champi Warrior
31:30 Iron Casting
31:11 Chain Mail Armor
35:51 Heavy Plow
37:17 Wheelbarrow
36:13 Pikeman
38:27 Hand Cart
42:14 Imperial Age
Connection lost

Rejoining the realm…

Still unreachable

The connection could not be restored.

Session expired

The server has moved on; the page needs a fresh start.